Map: Acropolis LE

Players

pHARM - Winner!

  • Race: Zerg Zerg
  • League: Platinum
  • Spawn Location: 5:00

LaVíbOra

  • Race: Zerg Zerg
  • League: Platinum
  • Spawn Location: 11:00

VOD

Have the link to the VOD?

Description

Time

  • Played on: Aug. 30, 2019, 11:06 p.m.
  • Length: 6:58
Show
View Real Time Build Order
Export as new Build Order

pHARM Zerg - Winner!

Build Orders: Hatch First 

Get SALT Encoding   

  12  0:01  Drone  
  13  0:12  Overlord  
  13  0:24  Drone  
  14  0:31  Drone x2  
  16  0:53  Drone, Hatchery  
  16  0:56  Drone  
  17  1:00  Drone  
  18  1:09  Drone  
  19  1:18  Spawning Pool  
  18  1:24  Drone  
  19  1:29  Drone  
  20  1:38  Extractor  
  19  1:40  Drone  
  20  1:57  Overlord  
  20  2:05  Queen x2  
  20  2:07  Drone x2  
  26  2:14  Drone  
  27  2:22  Drone  
  28  2:24  Drone  
  29  2:32  Overlord  
  29  2:36  Drone  
  30  2:48  Drone x3  
  30  2:50  Lair  
  33  2:59  Drone  
  33  3:03  Drone  
  35  3:10  Evolution Chamber  
  35  3:11  Roach Warren  
  33  3:14  Drone x2  
  33  3:16  Evolution Chamber  
  34  3:22  Queen  
  34  3:25  Drone x3  
  39  3:27  Hatchery  
  39  3:28  Drone  
  39  3:39  Zerg Missile Weapons Level 1  
  39  3:41  Overlord  
  39  3:45  Drone x3  
  42  3:52  Glial Reconstitution  
  42  3:57  Extractor  
  42  3:58  Extractor  
  42  3:59  Overlord x2  
  41  4:10  Drone x6  
  46  4:26  Drone x2  
  46  4:28  Roach x4  
  56  4:39  Roach  
  56  4:40  Roach x2  
  62  5:02  Roach x2  
  62  5:03  Overlord x3  
  66  5:18  Overlord x2  
  66  5:29  Roach x8  
  82  5:43  Drone x6  
  88  5:57  Drone x8  
  96  6:12  Overlord x3  
  96  6:23  Drone x6  
  98  6:32  Ravager  
  95  6:35  Ravager  
  95  6:37  Ravager  
Show
View Real Time Build Order
Export as new Build Order

LaVíbOra Zerg 

Build Orders: Hatch First 

Get SALT Encoding   

  12  0:02  Drone  
  13  0:13  Overlord  
  13  0:20  Drone  
  14  0:32  Drone x2  
  16  0:53  Drone  
  16  0:55  Drone  
  18  0:58  Hatchery  
  18  0:59  Drone  
  18  1:08  Extractor  
  17  1:15  Spawning Pool  
  17  1:18  Drone  
  17  1:21  Drone  
  18  1:29  Drone  
  19  1:40  Overlord  
  19  1:50  Drone  
  20  2:02  Queen  
  22  2:13  Queen  
  22  2:15  Zergling x6  
  27  2:16  Metabolic Boost  
  27  2:22  Drone x2  
  29  2:42  Drone x2  
  31  2:47  Hatchery  
  30  2:55  Queen  
  30  2:58  Queen  
  32  3:05  Drone x2  
  36  3:16  Overlord x2  
  36  3:34  Evolution Chamber  
  36  3:37  Roach Warren  
  36  3:41  Drone x4  
  37  3:42  Zergling x6  
  41  3:50  Drone  
  41  3:52  Extractor  
  41  3:54  Drone  
  41  3:55  Drone  
  43  3:56  Overlord  
  43  4:02  Queen  
  45  4:10  Lair  
  45  4:12  Drone  
  45  4:13  Drone  
  45  4:16  Drone  
  48  4:22  Roach  
  50  4:25  Roach  
  50  4:26  Roach  
  54  4:35  Drone x4  
  54  4:37  Drone  
  59  4:39  Drone  
  59  4:43  Drone  
  61  5:07  Drone x4  
  61  5:08  Drone  
  61  5:09  Overlord x5  
  66  5:22  Overlord x2  
  66  5:43  Hydralisk Den  
  66  5:45  Drone x5  
  66  5:47  Extractor  
  66  5:48  Roach x8  
  85  6:02  Drone x2  
  87  6:05  Spire  
  86  6:16  Roach x4  
  86  6:17  Roach  
Tags
 
Matchup
ZvZ
Race
Zerg
Replay Pack
10.7.19
Spawn Locations
Cross Positions
Add a new tag
Caveats
  • Supply blocks, unpowered buildings, or Contaminate may cause inaccurate times.
  • Supply counts are checked every 10 seconds.